Map: 2000 Atmospheres LE

Players

ShowDao

  • Race: Protoss Protoss
  • League: Gold
  • Spawn Location: 7:00

Pumba - Winner!

  • Race: Protoss Protoss
  • League: Silver
  • Spawn Location: 3:00

VOD

Have the link to the VOD?

Description

Time

  • Played on: Jan. 25, 2022, 8:58 p.m.
  • Length: 10:48
Show
View Real Time Build Order
Export as new Build Order

ShowDao Protoss 

Build Orders:  

Get SALT Encoding   

  12  0:00  Probe (Chrono Boost)  
  13  0:10  Probe (Chrono Boost)  
  14  0:21  Pylon  
  14  0:23  Probe  
  15  0:39  Probe  
  15  0:40  Forge  
  16  0:51  Probe  
  16  0:54  Pylon  
  17  1:05  Probe (Chrono Boost)  
  18  1:11  Pylon  
  18  1:16  Probe (Chrono Boost)  
  19  1:25  Probe  
  20  1:36  Pylon  
  20  1:41  Photon Cannon  
  19  1:55  Probe  
  19  2:00  Photon Cannon  
  20  2:07  Probe (Chrono Boost)  
  21  2:16  Assimilator  
  21  2:17  Probe (Chrono Boost)  
  21  2:22  Probe (Chrono Boost)  
  22  2:26  Nexus  
  23  2:36  Photon Cannon  
  23  2:41  Pylon  
  23  2:54  Photon Cannon  
  23  3:00  Probe  
  23  3:04  Assimilator  
  24  3:15  Gateway  
  24  3:16  Gateway  
  24  3:19  Probe (Chrono Boost)  
  24  3:38  Probe (Chrono Boost)  
  25  3:48  Probe x2 (Chrono Boost)  
  27  3:54  Probe  
  28  3:56  Photon Cannon  
  28  4:00  Photon Cannon  
  28  4:03  Pylon  
  28  4:04  Probe  
  28  4:06  Protoss Ground Weapons Level 1  
  29  4:19  Pylon  
  29  4:25  Cybernetics Core  
  29  4:33  Probe (Chrono Boost)  
  30  4:43  Probe (Chrono Boost)  
  30  4:45  Probe (Chrono Boost)  
  32  4:46  Pylon  
  32  4:52  Assimilator  
  32  4:54  Assimilator  
  32  5:01  Probe (Chrono Boost)  
  33  5:12  Nexus  
  33  5:14  Pylon  
  33  5:25  Stargate  
  33  5:27  Photon Cannon  
  33  5:31  Zealot  
  33  5:32  Stalker  
  37  5:41  Probe  
  38  5:48  Photon Cannon  
  38  5:50  Photon Cannon  
  38  5:53  Probe  
  39  5:58  Zealot  
  39  6:03  Zealot  
  43  6:04  Photon Cannon  
  43  6:15  Protoss Shields Level 1  
  43  6:18  Void Ray  
  47  6:24  Probe (Chrono Boost)  
  47  6:25  Zealot  
  50  6:34  Photon Cannon  
  50  6:35  Probe x2 (Chrono Boost)  
  50  6:43  Probe x2 (Chrono Boost)  
  52  6:48  Probe (Chrono Boost)  
  52  6:49  Pylon  
  52  6:50  Probe  
  54  6:59  Probe, Pylon  
  55  7:06  Void Ray  
  59  7:09  Stalker x2  
  59  7:12  Probe  
  59  7:13  Shield Battery  
  64  7:19  Shield Battery  
  64  7:21  Twilight Council  
  64  7:24  Photon Cannon  
  64  7:30  Photon Cannon  
  64  7:37  Pylon  
  64  7:39  Photon Cannon, Probe (Chrono Boost)  
  65  7:49  Probe (Chrono Boost)  
  66  7:54  Probe (Chrono Boost), Void Ray  
  66  7:57  Charge  
  69  8:05  Probe  
  69  8:07  Stalker  
  69  8:08  Pylon  
  69  8:11  Stalker  
  74  8:22  Probe  
  74  8:23  Photon Cannon  
  74  8:25  Photon Cannon  
  75  8:31  Shield Battery  
  75  8:33  Shield Battery  
  75  8:34  Shield Battery  
  75  8:36  Pylon  
  75  8:37  Probe (Chrono Boost)  
  76  8:47  Probe (Chrono Boost)  
Show
View Real Time Build Order
Export as new Build Order

Pumba Protoss - Winner!

Build Orders:  

Get SALT Encoding   

  12  0:00  Probe  
  13  0:12  Probe  
  14  0:21  Pylon  
  14  0:24  Probe  
  15  0:39  Probe (Chrono Boost)  
  15  0:40  Gateway  
  16  0:49  Assimilator  
  16  0:51  Probe (Chrono Boost)  
  17  0:57  Probe (Chrono Boost)  
  18  1:05  Probe  
  19  1:18  Probe  
  20  1:31  Zealot  
  22  1:33  Cybernetics Core  
  22  1:36  Pylon  
  22  1:37  Probe  
  22  1:56  Probe  
  23  2:09  Nexus  
  23  2:16  Probe  
  23  2:18  Assimilator  
  24  2:25  Stalker (Chrono Boost)  
  26  2:31  Warp Gate  
  26  2:34  Probe  
  27  2:38  Pylon  
  27  2:42  Pylon  
  27  2:50  Probe  
  28  2:52  Stalker  
  30  3:09  Probe  
  31  3:33  Probe (Chrono Boost)  
  31  3:39  Robotics Facility, Probe (Chrono Boost)  
  29  3:41  Gateway  
  29  3:43  Probe (Chrono Boost)  
  29  3:44  Gateway  
  29  3:46  Probe (Chrono Boost)  
  31  3:48  Twilight Council  
  31  3:49  Probe  
  32  4:00  Probe (Chrono Boost)  
  33  4:03  Probe (Chrono Boost)  
  35  4:12  Probe (Chrono Boost)  
  35  4:13  Probe (Chrono Boost)  
  35  4:15  Nexus  
  36  4:19  Probe  
  36  4:21  Probe  
  38  4:25  Pylon  
  38  4:29  Stalker  
  40  4:31  Probe  
  40  4:32  Observer (Chrono Boost)  
  40  4:33  Charge, Probe  
  43  4:50  Probe  
  44  4:55  Probe (Chrono Boost)  
  44  4:59  Assimilator  
  45  5:01  Assimilator  
  45  5:02  Immortal, Probe (Chrono Boost)  
  51  5:07  Probe (Chrono Boost)  
  51  5:12  Pylon  
  51  5:13  Probe (Chrono Boost)  
  52  5:15  Probe (Chrono Boost)  
  52  5:16  Pylon  
  52  5:18  Probe (Chrono Boost)  
  54  5:23  Probe (Chrono Boost)  
  54  5:27  Probe (Chrono Boost)  
  57  5:34  Probe x2 (Chrono Boost)  
  59  5:37  Probe (Chrono Boost)  
  59  5:40  Probe (Chrono Boost)  
  59  5:42  Probe (Chrono Boost)  
  61  5:43  Probe (Chrono Boost)  
  61  5:45  Gateway  
  61  5:46  Gateway  
  61  5:48  Probe  
  61  5:49  Gateway  
  63  5:52  Gateway, Probe  
  63  5:53  Probe  
  63  5:55  Gateway  
  63  5:56  Gateway  
  65  5:59  Gateway  
  65  6:03  Probe  
  66  6:04  Probe  
  66  6:06  Probe  
  66  6:09  Sentry  
  70  6:15  Probe  
  71  6:29  Observer  
  69  6:39  Probe  
  70  6:43  Templar Archives  
  70  6:45  Pylon  
  70  6:47  Pylon  
  70  6:51  Pylon  
  70  6:53  Pylon  
  70  6:58  Pylon  
  70  6:59  Pylon  
  70  7:08  Warp Prism (Chrono Boost)  
  70  7:09  Zealot x2  
  70  7:10  Zealot x8  
  92  7:35  Probe  
  93  7:42  Zealot x10  
  112  7:44  Pylon  
  111  7:56  Blink (Chrono Boost)  
  111  8:05  Forge  
  111  8:07  Forge  
  111  8:08  Probe x3  
  111  8:11  Nexus  
  114  8:15  High Templar  
  114  8:16  High Templar x5  
  114  8:17  High Templar x2  
  114  8:18  Zealot x2  
  134  8:20  Nexus, Probe x2  
  134  8:21  Archon x3  
  134  8:22  Archon  
  132  8:54  Zealot x10  
  124  9:26  Probe x3  
  124  9:28  Pylon  
  124  9:29  Probe  
  124  9:30  Pylon  
  124  9:37  Gateway  
  124  9:38  Probe x3  
  124  9:39  Gateway  
  124  9:41  Probe  
  124  9:44  Gateway x2  
  124  9:47  Gateway  
  124  9:48  Gateway  
  124  9:50  Probe  
  124  9:52  Gateway x2  
  124  9:53  Gateway  
  124  9:57  Gateway  
  124  10:03  Stalker x10  
  124  10:26  Zealot x2, Pylon  
  124  10:37  Pylon  
Tags
 
Add a new tag
Caveats
  • Supply blocks, unpowered buildings, or Contaminate may cause inaccurate times.
  • Supply counts are checked every 10 seconds.